[ PARTIDA AOE2 · #505461501 ]
UnrankedVietnamitas vs Japanese
Equipo del jugador · DERR
Equipo rival · VICT
[ ANÁLISIS DE REPETICIÓN · EXTRAÍDO DE LA PARTIDA GRABADA ]
Feudal
9:27
Castillos
23:02
Imperial
—
| APM promedio | 44.6 |
| APM pico | 90 |
| eAPM promedio | 21.3 |
| Aldeanos / militares | 79 / 46 |
Foco
⚔️ 37.5% · 🌾 62.5%
Archer ×26 · Knight ×7 · Scout Cavalry ×7 · Skirmisher ×6
Feudal
9:43
Castillos
25:12
Imperial
—
| APM promedio | 50.3 |
| APM pico | 77 |
| eAPM promedio | 23.3 |
| Aldeanos / militares | 81 / 89 |
Foco
⚔️ 51.7% · 🌾 48.3%
Militia ×41 · Spearman ×25 · Skirmisher ×11 · Archer ×8 · Scout Cavalry ×3 · Monk ×1
Mapa de la partida
Recursos iniciales + cada clic de construcción. Líneas = muros · curvas = relieve. ◆ oro · ⬟ piedra · ● bayas · ✦ reliquia · ◌ hueco del cierre
Tu base· Abierta — flanco sin cerrar
Base de twelve· Abierta — hueco de 5t
Terreno inicial suavizado · ◌ = hueco del cierre detectado · pasá el cursor para detalles
Inputs por minuto
— DK_Vamos Jefe de Equipo - - twelve
Build order — DK_Vamos Jefe de Equipo
Primeras 150 de 224 acciones detectadas
| 0:00 | Crear | Villager (Male) |
| 0:01 | Crear | Villager (Male) |
| 0:01 | Crear | Villager (Male) |
| 0:01 | Crear | Villager (Male) |
| 0:12 | Construir | House |
| 0:14 | Construir | House |
| 0:22 | Construir | House |
| 1:51 | Crear | Villager (Male) |
| 2:10 | Crear | Villager (Male) |
| 2:39 | Crear | Villager (Male) |
| 2:48 | Construir | Lumber Camp |
| 3:05 | Crear | Villager (Male) |
| 3:12 | Crear | Villager (Male) |
| 3:39 | Construir | House |
| 3:44 | Crear | Villager (Male) |
| 4:01 | Construir | House |
| 4:17 | Crear | Villager (Male) |
| 4:25 | Crear | Villager (Male) |
| 4:39 | Crear | Villager (Male) |
| 4:51 | Crear | Villager (Male) |
| 5:28 | Crear | Villager (Male) |
| 5:43 | Crear | Villager (Male) |
| 5:54 | Crear | Villager (Male) |
| 6:00 | Construir | Mill |
| 6:11 | Crear | Villager (Male) |
| 6:42 | Investigar | Loom |
| 7:09 | Investigar | Feudal Age |
| 7:20 | Construir | House |
| 8:00 | Construir | Palisade Wall |
| 8:01 | Construir | Palisade Wall |
| 8:03 | Construir | Palisade Wall |
| 8:04 | Construir | Palisade Wall |
| 8:05 | Construir | Palisade Wall |
| 8:15 | Construir | Palisade Wall |
| 8:16 | Construir | Palisade Wall |
| 8:17 | Construir | Palisade Wall |
| 8:39 | Construir | Palisade Wall |
| 8:55 | Construir | Barracks |
| 8:57 | Construir | Palisade Wall |
| 9:04 | Crear | Villager (Male) |
| 9:27 | Edad | Edad Feudal |
| 9:29 | Construir | Mining Camp |
| 9:31 | Crear | Villager (Male) |
| 9:51 | Construir | Palisade Wall |
| 9:53 | Crear | Villager (Male) |
| 9:54 | Crear | Villager (Male) |
| 9:59 | Construir | Archery Range |
| 10:14 | Construir | Palisade Wall |
| 10:17 | Construir | Palisade Wall |
| 10:18 | Crear | Villager (Male) |
| 10:25 | Investigar | Double-Bit Axe |
| 10:39 | Crear | Villager (Male) |
| 10:46 | Construir | House |
| 10:52 | Construir | Palisade Wall |
| 11:00 | Construir | Palisade Wall |
| 11:15 | Crear | Archer |
| 11:23 | Construir | House |
| 11:28 | Construir | Farm |
| 11:41 | Crear | Villager (Male) |
| 11:58 | Crear | Villager (Male) |
| 12:07 | Crear | Archer |
| 12:08 | Crear | Skirmisher |
| 12:17 | Construir | House |
| 12:43 | Crear | Villager (Male) |
| 12:46 | Construir | Farm |
| 12:47 | Crear | Villager (Male) |
| 12:48 | Construir | House |
| 12:52 | Construir | Farm |
| 12:54 | Construir | Farm |
| 12:56 | Construir | Farm |
| 13:05 | Crear | Skirmisher |
| 13:20 | Construir | Farm |
| 13:23 | Crear | Archer |
| 13:28 | Construir | House |
| 13:56 | Crear | Villager (Male) |
| 14:15 | Construir | House |
| 14:22 | Construir | Mining Camp |
| 14:32 | Crear | Villager (Male) |
| 14:55 | Crear | Skirmisher |
| 15:00 | Crear | Villager (Male) |
| 15:05 | Crear | Villager (Male) |
| 15:14 | Construir | Farm |
| 15:16 | Crear | Skirmisher |
| 15:24 | Construir | House |
| 15:26 | Crear | Villager (Male) |
| 15:29 | Crear | Skirmisher |
| 15:30 | Crear | Villager (Male) |
| 15:37 | Crear | Villager (Male) |
| 16:03 | Crear | Skirmisher |
| 16:37 | Construir | Lumber Camp |
| 16:40 | Crear | Villager (Male) |
| 16:59 | Construir | Farm |
| 17:02 | Crear | Villager (Male) |
| 17:13 | Construir | Farm |
| 17:28 | Construir | Farm |
| 17:31 | Construir | Farm |
| 18:01 | Crear | Villager (Male) |
| 18:06 | Construir | Blacksmith |
| 18:33 | Construir | Farm |
| 18:44 | Construir | Farm |
| 18:45 | Crear | Villager (Male) |
| 18:46 | Investigar | Wheelbarrow |
| 18:56 | Construir | Market |
| 19:10 | Construir | Farm |
| 19:23 | Construir | Lumber Camp |
| 19:48 | Crear | Villager (Male) |
| 20:22 | Investigar | Castle Age |
| 20:27 | Investigar | Padded Archer Armor |
| 21:44 | Construir | Stable |
| 21:54 | Investigar | Scale Barding Armor |
| 22:03 | Construir | Farm |
| 22:04 | Crear | Villager (Male) |
| 22:14 | Crear | Villager (Male) |
| 22:19 | Construir | Stable |
| 22:50 | Crear | Scout Cavalry |
| 22:54 | Construir | Farm |
| 22:57 | Investigar | Forging |
| 23:02 | Edad | Edad de los Castillos |
| 23:09 | Construir | Town Center |
| 23:09 | Investigar | Bow Saw |
| 23:20 | Crear | Villager (Male) |
| 23:23 | Crear | Scout Cavalry |
| 23:46 | Crear | Scout Cavalry |
| 23:55 | Crear | Villager (Male) |
| 23:58 | Crear | Scout Cavalry |
| 24:11 | Crear | Villager (Male) |
| 24:38 | Crear | Scout Cavalry |
| 24:38 | Crear | Scout Cavalry |
| 24:43 | Construir | Farm |
| 24:50 | Crear | Villager (Male) |
| 24:53 | Construir | House |
| 25:07 | Crear | Scout Cavalry |
| 25:12 | Construir | Farm |
| 25:14 | Construir | Farm |
| 25:15 | Construir | Farm |
| 25:23 | Crear | Villager (Male) |
| 25:37 | Crear | Knight |
| 25:45 | Construir | Farm |
| 25:48 | Construir | Farm |
| 25:51 | Crear | Villager (Male) |
| 26:00 | Crear | Villager (Male) |
| 26:29 | Crear | Knight |
| 26:31 | Crear | Villager (Male) |
| 26:44 | Crear | Archer |
| 26:45 | Crear | Villager (Male) |
| 26:46 | Crear | Villager (Male) |
| 26:56 | Construir | Lumber Camp |
| 27:25 | Crear | Villager (Male) |
| 27:27 | Crear | Villager (Male) |
| 27:40 | Crear | Villager (Male) |
Build order — twelve
Primeras 150 de 296 acciones detectadas
| 0:02 | Crear | Villager (Male) |
| 0:02 | Crear | Villager (Male) |
| 0:02 | Crear | Villager (Male) |
| 0:03 | Construir | House |
| 0:04 | Construir | House |
| 0:07 | Crear | Villager (Male) |
| 0:07 | Crear | Villager (Male) |
| 0:07 | Crear | Villager (Male) |
| 1:35 | Crear | Villager (Male) |
| 1:35 | Crear | Villager (Male) |
| 1:49 | Construir | Lumber Camp |
| 1:52 | Crear | Villager (Male) |
| 1:52 | Crear | Villager (Male) |
| 2:22 | Crear | Villager (Male) |
| 2:23 | Crear | Villager (Male) |
| 2:52 | Crear | Villager (Male) |
| 2:53 | Crear | Villager (Male) |
| 2:55 | Crear | Villager (Male) |
| 2:56 | Crear | Villager (Male) |
| 3:32 | Construir | House |
| 3:39 | Crear | Villager (Male) |
| 3:51 | Construir | Mill |
| 4:02 | Crear | Villager (Male) |
| 4:03 | Crear | Villager (Male) |
| 4:39 | Crear | Villager (Male) |
| 4:39 | Crear | Villager (Male) |
| 4:39 | Crear | Villager (Male) |
| 5:08 | Construir | Barracks |
| 5:18 | Construir | Barracks |
| 5:22 | Crear | Villager (Male) |
| 5:22 | Crear | Villager (Male) |
| 5:28 | Crear | Villager (Male) |
| 5:28 | Crear | Villager (Male) |
| 5:28 | Crear | Villager (Male) |
| 5:28 | Crear | Villager (Male) |
| 5:28 | Crear | Villager (Male) |
| 5:39 | Investigar | Loom |
| 5:55 | Crear | Villager (Male) |
| 6:12 | Construir | House |
| 6:14 | Construir | House |
| 6:32 | Crear | Villager (Male) |
| 6:49 | Construir | Mining Camp |
| 7:33 | Investigar | Feudal Age |
| 7:33 | Investigar | Feudal Age |
| 7:43 | Crear | Militia |
| 7:43 | Crear | Militia |
| 7:43 | Crear | Militia |
| 8:10 | Crear | Militia |
| 8:11 | Crear | Militia |
| 8:11 | Crear | Militia |
| 9:22 | Crear | Villager (Male) |
| 9:43 | Edad | Edad Feudal |
| 9:48 | Investigar | Man-at-Arms (upgrade) |
| 9:48 | Investigar | Man-at-Arms (upgrade) |
| 9:51 | Construir | Archery Range |
| 10:00 | Crear | Villager (Male) |
| 10:18 | Crear | Villager (Male) |
| 10:23 | Investigar | Double-Bit Axe |
| 10:23 | Investigar | Double-Bit Axe |
| 10:39 | Investigar | Horse Collar |
| 10:51 | Crear | Archer |
| 10:53 | Construir | House |
| 11:00 | Crear | Villager (Male) |
| 11:11 | Crear | Archer |
| 11:22 | Crear | Villager (Male) |
| 11:28 | Construir | Lumber Camp |
| 11:35 | Crear | Villager (Male) |
| 11:47 | Crear | Villager (Male) |
| 11:47 | Crear | Villager (Male) |
| 11:50 | Crear | Archer |
| 12:16 | Construir | Blacksmith |
| 12:45 | Crear | Archer |
| 12:46 | Crear | Villager (Male) |
| 12:48 | Construir | Farm |
| 12:57 | Crear | Archer |
| 13:05 | Construir | House |
| 13:06 | Investigar | Forging |
| 13:08 | Investigar | Fletching |
| 13:08 | Investigar | Fletching |
| 13:22 | Crear | Villager (Male) |
| 13:29 | Construir | Watch Tower |
| 13:39 | Crear | Villager (Male) |
| 13:41 | Construir | Farm |
| 13:45 | Crear | Archer |
| 14:00 | Crear | Villager (Male) |
| 14:02 | Construir | Farm |
| 14:13 | Crear | Villager (Male) |
| 14:14 | Crear | Archer |
| 14:26 | Construir | House |
| 14:39 | Investigar | Town Watch |
| 14:39 | Investigar | Town Watch |
| 14:54 | Construir | Farm |
| 15:03 | Crear | Villager (Male) |
| 15:08 | Construir | Mining Camp |
| 15:17 | Construir | Outpost |
| 15:23 | Crear | Archer |
| 15:27 | Construir | Palisade Wall |
| 15:29 | Construir | Palisade Wall |
| 15:41 | Investigar | Padded Archer Armor |
| 15:41 | Investigar | Padded Archer Armor |
| 15:43 | Construir | Farm |
| 15:59 | Construir | Farm |
| 16:10 | Crear | Skirmisher |
| 16:18 | Construir | Outpost |
| 16:21 | Crear | Skirmisher |
| 16:25 | Construir | Farm |
| 16:39 | Crear | Villager (Male) |
| 16:42 | Crear | Skirmisher |
| 16:45 | Construir | Mill |
| 17:01 | Crear | Skirmisher |
| 17:07 | Construir | Market |
| 17:30 | Crear | Skirmisher |
| 17:41 | Construir | House |
| 18:23 | Crear | Villager (Male) |
| 18:24 | Construir | Stable |
| 18:33 | Crear | Villager (Male) |
| 18:35 | Construir | Farm |
| 18:44 | Crear | Skirmisher |
| 18:44 | Crear | Skirmisher |
| 18:52 | Construir | House |
| 18:54 | Construir | Palisade Wall |
| 19:02 | Construir | Watch Tower |
| 19:07 | Crear | Villager (Male) |
| 19:09 | Crear | Skirmisher |
| 19:15 | Construir | Farm |
| 19:19 | Construir | House |
| 19:23 | Construir | Palisade Wall |
| 19:24 | Construir | Palisade Wall |
| 19:34 | Crear | Scout Cavalry |
| 19:35 | Crear | Scout Cavalry |
| 19:37 | Crear | Skirmisher |
| 19:40 | Construir | Farm |
| 20:02 | Construir | Farm |
| 20:02 | Crear | Villager (Male) |
| 20:30 | Crear | Villager (Male) |
| 20:32 | Crear | Skirmisher |
| 20:57 | Crear | Villager (Male) |
| 20:58 | Construir | Farm |
| 21:20 | Crear | Scout Cavalry |
| 21:23 | Crear | Villager (Male) |
| 21:25 | Construir | House |
| 21:31 | Construir | Farm |
| 21:31 | Construir | Farm |
| 21:42 | Crear | Villager (Male) |
| 22:18 | Crear | Skirmisher |
| 22:19 | Crear | Villager (Male) |
| 22:32 | Investigar | Castle Age |
| 22:32 | Investigar | Castle Age |
| 22:32 | Investigar | Castle Age |
| 23:00 | Construir | Watch Tower |
Cronología de la partida
| 5:08 | twelve · first_building Barracks |
| 8:00 | DK_Vamos Jefe de Equipo · wall_segment Palisade Wall x1 |
| 8:01 | DK_Vamos Jefe de Equipo · wall_segment Palisade Wall x1 |
| 8:03 | DK_Vamos Jefe de Equipo · wall_segment Palisade Wall x1 |
| 8:04 | DK_Vamos Jefe de Equipo · wall_segment Palisade Wall x1 |
| 8:05 | DK_Vamos Jefe de Equipo · wall_segment Palisade Wall x1 |
| 8:15 | DK_Vamos Jefe de Equipo · wall_segment Palisade Wall x1 |
| 8:16 | DK_Vamos Jefe de Equipo · wall_segment Palisade Wall x1 |
| 8:17 | DK_Vamos Jefe de Equipo · wall_segment Palisade Wall x1 |
| 8:39 | DK_Vamos Jefe de Equipo · wall_segment Palisade Wall x1 |
| 8:55 | DK_Vamos Jefe de Equipo · first_building Barracks |
| 8:57 | DK_Vamos Jefe de Equipo · wall_segment Palisade Wall x1 |
| 9:27 | DK_Vamos Jefe de Equipo · age_up feudal |
| 9:43 | twelve · age_up feudal |
| 9:51 | twelve · first_building Archery Range |
| 9:51 | DK_Vamos Jefe de Equipo · wall_segment Palisade Wall x1 |
| 9:59 | DK_Vamos Jefe de Equipo · first_building Archery Range |
| 10:14 | DK_Vamos Jefe de Equipo · wall_segment Palisade Wall x1 |
| 10:17 | DK_Vamos Jefe de Equipo · wall_segment Palisade Wall x1 |
| 10:52 | DK_Vamos Jefe de Equipo · wall_segment Palisade Wall x1 |
| 11:00 | DK_Vamos Jefe de Equipo · wall_segment Palisade Wall x1 |
| 15:27 | twelve · wall_segment Palisade Wall x1 |
| 15:29 | twelve · wall_segment Palisade Wall x4 |
| 18:24 | twelve · first_building Stable |
| 18:54 | twelve · wall_segment Palisade Wall x4 |
| 19:23 | twelve · wall_segment Palisade Wall x2 |
| 19:24 | twelve · wall_segment Palisade Wall x8 |
| 19:52 | DK_Vamos Jefe de Equipo · first_market_buy 100 food |
| 19:55 | DK_Vamos Jefe de Equipo · first_market_sell 100 wood |
| 21:44 | DK_Vamos Jefe de Equipo · first_building Stable |
| 22:24 | twelve · first_market_sell 500 wood |
| 22:26 | twelve · first_market_buy 100 food |
| 23:02 | DK_Vamos Jefe de Equipo · age_up castle |
| 24:32 | twelve · wall_segment Palisade Wall x15 |
| 24:32 | twelve · wall_segment Palisade Wall x1 |
| 25:12 | twelve · age_up castle |
| 28:12 | twelve · first_building Castle |
| 28:50 | twelve · wall_segment Palisade Wall x1 |
| 28:51 | twelve · wall_segment Palisade Wall x1 |
| 28:52 | twelve · wall_segment Palisade Wall x1 |
| 30:04 | twelve · first_building Monastery |
| 31:50 | twelve · first_building Siege Workshop |
| 34:13 | DK_Vamos Jefe de Equipo · resign |
[ ANÁLISIS IA · 1 CRÉDITO ]
¿Qué pasó realmente en esta partida?
Wolo.gg analiza cada decisión: build order, eco, micro, errores típicos por bracket. Análisis personalizado por WhatsApp o Discord en 30 segundos.
Guía civ
Vietnamitas
Perfil
Jugador #1595353